 Dungeon Crawl Stone Soup version 0.31-a0-177-g4aa6249778 (webtiles) character file.

Game seed: 233606585779020189

3852 qw the Cleaver (level 10, -7/64 HPs)
             Began as a Gargoyle Fighter on June 18, 2023.
             Was a Follower of Okawaru.
             Mangled by a komodo dragon (16 damage)
             ... on level 8 of the Dungeon.
             The game lasted 00:03:14 (6316 turns).

qw the Cleaver (Gargoyle Fighter)                   Turns: 6316, Time: 00:03:15

Health: -7/64      AC: 22    Str: 24    XL:     10   Next: 18%
Magic:  9/11       EV:  7    Int:  9    God:    Okawaru [*.....]
Gold:   351        SH:  0    Dex: 15    Spells: 9/9 levels left

rFire   . . .        o - +2 war axe (vamp)
rCold   . . .        c - +0 buckler
rNeg    + . .        f - +0 plate armour
rPois   inf          (no helmet)
rElec   +            k - +0 cloak
rCorr   +            b - +0 pair of gloves
SInv    .            (no boots)
Will    .....        (no amulet) Stlth
                     h - ring of resist corrosion
HPRegen 0.30/turn    q - +6 ring of dexterity
MPRegen 0.12/turn

%: no passive effects
@: confused
A: sickness immunity, AC +7, negative energy resistance 1, electricity
resistance, torment resistance 1, petrification resistance
a: Renounce Religion, Heroism


You were on level 8 of the Dungeon.
You worshipped Okawaru.
Okawaru was aware of your devotion.
You visited 2 branches of the dungeon, and saw 9 of its levels.

You collected 351 gold pieces.


Innate Abilities, Weirdness & Mutations

You are immune to sickness and miasma.
Your stone body is resilient. (AC +7)
You are immune to poison.
You resist negative energy. (rN+)
You are resistant to electric shocks. (rElec)
You are resistant to unholy torment.
You are immune to petrification.


   Skills:
 + Level 7.8 Fighting
 - Level 10.2 Axes
 - Level 1.9 Throwing
 - Level 6.1 Armour
 - Level 2.0 Dodging
 - Level 4.4 Shields
 + Level 1.6 Invocations


You had 9 spell levels left.
You didn't know any spells.
Your spell library was empty.

Inventory:

Hand Weapons
 e - a +0 war axe
 j - a +0 morningstar
 o - a +2 vampiric war axe (weapon)
Armour
 b - a +0 pair of gloves (worn)
 c - a +0 buckler (worn)
 f - a +0 plate armour (worn)
 k - a +0 cloak (worn)
Jewellery
 h - a ring of resist corrosion (left hand)
 q - a +6 ring of dexterity (right hand)
Scrolls
 a - a scroll of identify
Potions
 d - 2 potions of might
 l - a potion of mutation
 m - 3 potions of attraction
 n - a potion of resistance {unknown}
 p - a potion of lignification {unknown}
 r - a potion of enlightenment {unknown}

Dungeon Overview and Level Annotations

Branches:
Dungeon (8/15)             Temple (1/1) D:7
   Lair: D:8-11

Altars:
Cheibriados
Dithmenos
Elyvilon
Fedhas
Gozag
Hepliaklqana
Kikubaaqudgha
Makhleb
Nemelex Xobeh
Okawaru
Qazlal
Ru
Sif Muna
Trog
Uskayaw
Vehumet
Wu Jian
Xom
Yredelemnul
Zin
The Shining One

Shops:
D:3 =

Annotations:
D:8 Erica, Maurice, Psyche


Message History

Psyche appears out of thin air!
Reactivating autopickup.
The iguana barely misses you.
6310 ||| DRINKING potion of curing.
You feel better.
6310 ||| (to cure confusion)
Something hits you. Something burns you.
Deactivating autopickup; reactivate with Ctrl-A.
The iguana barely misses you. Psyche completely misses you.
The iguana barely misses you.
The iguana bites you but does no damage.
You hit the iguana but do no damage.
The iguana is severely wounded.
You slash the iguana!
You feel better.
You kill the iguana!
Okawaru accepts your kill.
You can now gain great but temporary skills.
You closely miss something. You hit the iguana but do no damage.
You hit Psyche.
You feel better.
You slash the iguana!
You feel better.
You kill the iguana!
Okawaru accepts your kill.
You hit the iguana but do no damage. You hit Psyche but do no damage.
You slash something!
You feel better.
Maurice gestures wildly while chanting.
Maurice blinks!
Psyche barely misses you.
You hear some strange, mumbled words.
You are confused.
The iguana bites you but does no damage.
You feel like a meek peon again. Psyche hits you. Psyche freezes you!
Something hits you. Something burns you.
The iguana bites you but does no damage.
The iguana barely misses you. Psyche hits you. Psyche freezes you!
Something hits you. Something burns you.
The iguana bites you but does no damage.
The iguana barely misses you. Psyche hits you but does no damage.
Something hits you but does no damage. The iguana closely misses you.
Psyche hits you but does no damage. Something hits you but does no damage.
The iguana bites you! The komodo dragon bites you!
You die...

#. #. ###.
###>..
.^...
#...##
###.lll#
#....Y@###
#.##.%){.##
#.)##..#
#...<#.#
#.##.#..>
#. #.#####
#. #.. ..
### .


You could see a komodo dragon, Psyche the ice beast and 2 iguanas.

Vanquished Creatures
  A two-headed ogre (D:8)
  A shadow (D:7)
  An orc warrior (D:8)
  3 sky beasts
  2 black bears
  4 ice beasts
  4 ogres
  A phantom (D:6)
  A kobold brigand (D:6)
  3 bullfrogs
  A gnoll sergeant (D:8)
  A scorpion (D:5)
  9 wights (D:6)
  6 killer bees (D:7)
  2 hounds (D:5)
  A jelly (D:7)
  A gnoll bouda (D:7)
  9 iguanas
  2 orc wizards
  6 adders
  12 gnolls
  An ufetubus (D:4)
  2 worms (D:2)
  3 dart slugs
  13 orcs
  7 bats
  8 endoplasms
  3 giant cockroaches
  8 goblins
  3 hobgoblins
  4 jackals (D:1)
  8 kobolds
  4 quokkas
  8 ball pythons
  7 frilled lizards
  5 rats
155 creatures vanquished.

Notes
Turn   | Place    | Note
-------+----------+-------------------------------------------
     0 | D:1      | qw the Gargoyle Fighter began the quest for the Orb.
     0 | D:1      | Reached XP level 1. HP: 14/14 MP: 1/1
     0 | D:1      | 0 ||| qw: Version: 0.3-a-7-ge0c9b40
     0 | D:1      | 0 ||| qw: Game counter: 717
     0 | D:1      | 0 ||| qw: Always use a shield: true
     0 | D:1      | 0 ||| qw: God list: Okawaru
     0 | D:1      | 0 ||| qw: Allow faded altars: false
     0 | D:1      | 0 ||| qw: Do Orc after D:15 true
     0 | D:1      | 0 ||| qw: Do second Lair branch before Depths: true
     0 | D:1      | 0 ||| qw: Lair rune preference: random
     0 | D:1      | 0 ||| qw: Plans: Normal, Zot:1-4, Slime:5, God:TSO, Crypt,
                  | Tomb, Abyss, Pan, Hells, Win
     0 | D:1      | 0 ||| PLANNING D:1-11
    45 | D:1      | Reached skill level 2 in Axes
   105 | D:1      | Reached XP level 2. HP: 16/19 MP: 2/2
   266 | D:1      | 266 ||| Stepping ~*~*~tactically~*~*~ (stealth).
   279 | D:1      | Reached skill level 3 in Axes
   344 | D:1      | Reached XP level 3. HP: 23/23 MP: 3/3
   496 | D:1      | 496 ||| Stepping ~*~*~tactically~*~*~ (stealth).
   632 | D:1      | 632 ||| UPGRADING to +0 cloak.
   637 | D:1      | 637 ||| DROPPING amulet of magic regeneration.
   638 | D:1      | 638 ||| READING scroll labelled JERHAI ASAACIH.
   639 | D:1      | 639 ||| DRINKING 2 glowing golden potions.
   640 | D:1      | 640 ||| DROPPING potion of degeneration.
   713 | D:2      | 713 ||| FLEEEEING.
   743 | D:2      | 743 ||| Stepping ~*~*~tactically~*~*~ (stealth).
   789 | D:2      | 789 ||| Stepping ~*~*~tactically~*~*~ (hiding).
   790 | D:2      | 790 ||| Stepping ~*~*~tactically~*~*~ (hiding).
   792 | D:2      | 792 ||| Stepping ~*~*~tactically~*~*~ (hiding).
  1005 | D:2      | Reached XP level 4. HP: 13/28 MP: 4/4
  1067 | D:2      | 1067 ||| DROPPING +0 whip.
  1292 | D:2      | 1292 ||| DROPPING +6 ring of intelligence.
  1293 | D:2      | 1293 ||| UPGRADING to ring of resist corrosion.
  1294 | D:2      | 1294 ||| READING scroll labelled NYIDGH PUISAUT.
  1295 | D:2      | 1295 ||| READING 2 scrolls labelled BUCATTOSSE.
  1296 | D:2      | 1296 ||| READING scroll of enchant weapon.
  1296 | D:2      | 1296 ||| ENCHANTING +1 war axe.
  1297 | D:2      | 1297 ||| READING scroll labelled CUOSESH GOALIF.
  1298 | D:2      | 1298 ||| READING scroll labelled SYMIKK DYR PABLO.
  1340 | D:3      | Reached skill level 4 in Axes
  1353 | D:3      | Found a shadowy altar of Dithmenos.
  1435 | D:3      | 1435 ||| Stepping ~*~*~tactically~*~*~ (hiding).
  1767 | D:3      | Found Mirued's Jewellery Shop.
  1771 | D:3      | 1771 ||| SHOPLISTING +5 ring of evasion (432 gold, have
                  | 163).
  1771 | D:3      | 1771 ||| SHOPLISTING +6 ring of strength (432 gold, have
                  | 163).
  1771 | D:3      | 1771 ||| SHOPLISTING amulet of faith (480 gold, have 163).
  1771 | D:3      | 1771 ||| SHOPLISTING amulet of regeneration (360 gold, have
                  | 163).
  1771 | D:3      | 1771 ||| SHOPLISTING ring of see invisible (180 gold, have
                  | 163).
  1839 | D:3      | 1839 ||| DRINKING 2 white potions.
  1927 | D:4      | Reached XP level 5. HP: 32/32 MP: 5/5
  2027 | D:4      | 2027 ||| Stepping ~*~*~tactically~*~*~ (stealth).
  2095 | D:4      | Found a sacrificial altar of Ru.
  2123 | D:4      | 2123 ||| Stepping ~*~*~tactically~*~*~ (hiding).
  2378 | D:4      | Noticed an ice beast
  2395 | D:4      | Killed an ice beast
  2396 | D:4      | Reached skill level 5 in Axes
  2396 | D:4      | Reached XP level 6. HP: 27/37 MP: 6/6
  2466 | D:4      | Found a sparkling altar of Nemelex Xobeh.
  2469 | D:4      | Found a stormy altar of Qazlal.
  2473 | D:4      | Found a shimmering altar of Xom.
  2519 | D:4      | 2519 ||| Stepping ~*~*~tactically~*~*~ (stealth).
  2521 | D:4      | 2521 ||| Stepping ~*~*~tactically~*~*~ (stealth).
  2544 | D:4      | 2544 ||| DROPPING +0 flail.
  2615 | D:4      | Found a glowing golden altar of the Shining One.
  2616 | D:4      | Found a glowing silver altar of Zin.
  2617 | D:4      | Found a white marble altar of Elyvilon.
  2777 | D:4      | 2777 ||| READING scroll labelled QIOBYOFIAFES.
  2806 | D:5      | Entered Level 5 of the Dungeon
  2817 | D:5      | Reached skill level 1 in Throwing
  2912 | D:5      | Found an ornate altar of the Wu Jian Council.
  3002 | D:5      | Reached skill level 1 in Dodging
  3002 | D:5      | Reached XP level 7. HP: 43/43 MP: 7/7
  3065 | D:5      | Reached skill level 6 in Axes
  3154 | D:5      | 3154 ||| Stepping ~*~*~tactically~*~*~ (stealth).
  3370 | D:5      | 3370 ||| Stepping ~*~*~tactically~*~*~ (stealth).
  3372 | D:5      | 3372 ||| Stepping ~*~*~tactically~*~*~ (stealth).
  3383 | D:5      | 3383 ||| FLEEEEING.
  3384 | D:5      | 3384 ||| FLEEEEING.
  3385 | D:5      | 3385 ||| FLEEEEING.
  3387 | D:5      | 3387 ||| FLEEEEING.
  3389 | D:5      | 3389 ||| FLEEEEING.
  3390 | D:5      | 3390 ||| FLEEEEING.
  3391 | D:5      | 3391 ||| FLEEEEING.
  3394 | D:5      | 3394 ||| Stepping ~*~*~tactically~*~*~ (hiding).
  3395 | D:5      | 3395 ||| Stepping ~*~*~tactically~*~*~ (hiding).
  3696 | D:5      | Reached skill level 7 in Axes
  3849 | D:5      | 3849 ||| READING scroll labelled KIPSUZ EGOU.
  3850 | D:5      | 3850 ||| READING 2 scrolls of identify.
  3850 | D:5      | 3850 ||| IDENTIFYING lumpy purple potion
  3851 | D:5      | 3851 ||| DROPPING potion of invisibility.
  3931 | D:6      | 3931 ||| Stepping ~*~*~tactically~*~*~ (stealth).
  3945 | D:6      | Reached XP level 8. HP: 17/48 MP: 8/8
  4059 | D:6      | Found a blossoming altar of Fedhas.
  4149 | D:6      | 4149 ||| Stepping ~*~*~tactically~*~*~ (hiding).
  4442 | D:6      | Reached skill level 8 in Axes
  4449 | D:6      | Reached skill level 6 in Fighting
  4862 | D:6      | Reached skill level 9 in Axes
  4862 | D:6      | Reached XP level 9. HP: 22/55 MP: 9/9
  5220 | D:6      | 5220 ||| DROPPING +2 robe of cold resistance.
  5221 | D:6      | 5221 ||| UPGRADING to +0 plate armour.
  5231 | D:6      | 5231 ||| DROPPING +0 scale mail.
  5232 | D:6      | 5232 ||| UPGRADING to +6 ring of dexterity.
  5233 | D:6      | 5233 ||| READING scroll labelled AGICSA SYIN.
  5328 | D:7      | 5328 ||| FLEEEEING.
  5329 | D:7      | 5329 ||| FLEEEEING.
  5330 | D:7      | 5330 ||| FLEEEEING.
  5331 | D:7      | 5331 ||| FLEEEEING.
  5332 | D:7      | 5332 ||| FLEEEEING.
  5333 | D:7      | 5333 ||| FLEEEEING.
  5335 | D:7      | 5335 ||| FLEEEEING.
  5336 | D:7      | 5336 ||| Stepping ~*~*~tactically~*~*~ (hiding).
  5457 | D:7      | 5457 ||| READING scroll of brand weapon.
  5457 | D:7      | 5457 ||| BRANDING +2 heavy war axe.
  5616 | D:7      | 5616 ||| READING scroll of brand weapon.
  5616 | D:7      | 5616 ||| BRANDING +2 war axe of protection.
  5723 | D:7      | Reached skill level 6 in Armour
  5723 | D:7      | 5723 ||| FLEEEEING.
  5725 | D:7      | 5725 ||| FLEEEEING.
  5726 | D:7      | 5726 ||| FLEEEEING.
  5727 | D:7      | 5727 ||| FLEEEEING.
  5728 | D:7      | 5728 ||| FLEEEEING.
  5729 | D:7      | 5729 ||| FLEEEEING.
  5730 | D:7      | 5730 ||| FLEEEEING.
  5731 | D:7      | 5731 ||| FLEEEEING.
  5732 | D:7      | 5732 ||| FLEEEEING.
  5733 | D:7      | 5733 ||| FLEEEEING.
  5990 | D:7      | Found an ancient bone altar of Kikubaaqudgha.
  6109 | D:7      | Found a staircase to the Ecumenical Temple.
  6110 | D:7      | 6110 ||| PLANNING TEMPLE
  6110 | D:7      | 6110 ||| UPGRADING to +0 pair of gloves.
  6115 | D:7      | 6115 ||| DRINKING 4 purple potions.
  6116 | D:7      | 6116 ||| READING 3 scrolls of identify.
  6116 | D:7      | 6116 ||| IDENTIFYING cyan potion
  6117 | D:7      | 6117 ||| READING 2 scrolls of identify.
  6117 | D:7      | 6117 ||| IDENTIFYING fizzy grey potion
  6124 | Temple   | Entered the Ecumenical Temple
  6132 | Temple   | 6132 ||| PLANNING OKAWARU WORSHIP
  6211 | Temple   | Became a worshipper of Warmaster Okawaru
  6212 | Temple   | 6212 ||| PLANNING D:1-11
  6243 | D:7      | 6243 ||| READING scroll labelled YLOEHU BALYBA.
  6253 | D:8      | Noticed a two-headed ogre
  6264 | D:8      | Killed a two-headed ogre
  6264 | D:8      | Reached * piety under Okawaru
  6265 | D:8      | Reached skill level 10 in Axes
  6265 | D:8      | Reached XP level 10. HP: 29/63 MP: 10/10
  6265 | D:8      | 6265 ||| INVOKING Heroism.
  6269 | D:8      | Reached skill level 1 in Invocations
  6278 | D:8      | 6278 ||| INVOKING Heroism.
  6288 | D:8      | Noticed Erica
  6294 | D:8      | Noticed Psyche
  6296 | D:8      | 6296 ||| INVOKING Heroism.
  6304 | D:8      | Noticed Maurice
  6306 | D:8      | 6306 ||| DRINKING potion of cancellation.
  6309 | D:8      | Noticed Psyche
  6310 | D:8      | 6310 ||| DRINKING potion of curing.
  6310 | D:8      | 6310 ||| (to cure confusion)
  6316 | D:8      | HP: 9/64 [iguana (10)]
  6316 | D:8      | Mangled by a komodo dragon

Levels and vault maps discovered:
D:1:      lightli_arrival_isolated_outpost, layout_basic
D:2:      layout_rooms
D:3:      layout_rooms, mainiacjoe_overflow_paths, serial_shops, shop
D:4:      layout_loops_ring, good_gods_temple_1, lemuel_round_altar,
          grunt_temple_overflow_diamond
D:5:      layout_basic, mainiacjoe_overflow_boulevard
D:6:      layout_gridville, nicolae_overflow_crystal_walls, minmay_crystal_room
D:7:      layout_cave_pools, mainiacjoe_overflow_alcove_4,
          minmay_temple_entry_nine_rooms
D:8:      layout_rooms, due_lair_maze_entry_diamond, minmay_misc_feat_square,
          chequers_arboretum, minmay_lizard_king, uniq_erica, uniq_psyche,
          uniq_maurice
Temple:   zaba_magenta_temple

Skill      XL: |  1  2  3  4  5  6  7  8  9 10 |
---------------+-------------------------------+-----
Axes           | 2 3 4 5 7 9 10 | 10.2
Throwing       | 1 |  1.9
Fighting       | 4 6 7 |  7.8
Dodging        | 1 2 |  2.0
Shields        | 4 |  4.4
Armour         | 6 |  6.1
Invocations    | 1 |  1.6

Action                     |  1- 3 |  4- 6 |  7- 9 | 10-12 || total
---------------------------+-------+-------+-------+-------++-------
  Melee: War axe           |   110 |   121 |   211 |    41 ||   483
  Throw: Boomerang         |       |     3 |       |       ||     3
 Invoke: Heroism           |       |       |       |     3 ||     3
    Use: Scroll            |     1 |     6 |     8 |       ||    15
         Potion            |     1 |     1 |     1 |     2 ||     5
 Armour: Scale mail        |    47 |    58 |    82 |       ||   187
         Plate armour      |       |       |    63 |    44 ||   107
  Dodge: Dodged            |    47 |    52 |   107 |    24 ||   230
  Block: Buckler           |    19 |    19 |    52 |    20 ||   110

Table legend:
 A = Non-vault XP
 B = Vault XP
 C = Vault XP percentage of total XP
 D = Non-vault monster count
 E = Vault monster count
 F = Vault count percentage of total count
                 A         B        C        D         E       F
            +---------+---------+-------+---------+---------+-------
      Total |    5321 |     182 |   3.3 |     149 |       6 |   3.9
            +---------+---------+-------+---------+---------+-------
        D:1 |      42 |       0 |   0.0 |      25 |       0 |   0.0
        D:2 |      51 |       0 |   0.0 |      23 |       0 |   0.0
        D:3 |      31 |       0 |   0.0 |      10 |       0 |   0.0
        D:4 |     219 |       0 |   0.0 |      20 |       0 |   0.0
        D:5 |     777 |       0 |   0.0 |      21 |       0 |   0.0
        D:6 |    1723 |       0 |   0.0 |      21 |       0 |   0.0
        D:7 |    1212 |       0 |   0.0 |      18 |       0 |   0.0
        D:8 |    1266 |     182 |  12.6 |      11 |       6 |  35.3
            +---------+---------+-------+---------+---------+-------
